cohdb
Replays
Latest Replays
All Replays
Popular Replays
Top Player Replays
Match Explorer
How It Works
Community
CoH3 Stats
Reddit
Sign in to upload your games and track your stats! →
Sign in with Steam
Match 41358042
Unlisted
Match 41358042
Overview
Messages
Build Orders
End
Construct Barracks
Scout Squad
Riflemen Squad
1⁄4-ton 4x4 Truck
Riflemen Squad
Grenade Package
Infantry Support Center
Construct Medical Station
Selects Special Operations Battlegroup
Selects M29 Weasel with M1 Pack Howitzer
M29 Weasel with M1 Pack Howitzer
Selects Raiding Flares
Construct Motor Pool
Selects SSF Commando Squad
SSF Commando Squad
M8 Greyhound Armored Car
M1 Anti-tank Gun Team
SSF Commando Squad
Selects P-47 Anti-Infantry Loiter
Advanced Logistics
P-47 Anti-Infantry Loiter
SSF Commando Squad
Survival Training
Selects M4A1 Sherman Whizbang
Selects M4A1 Sherman Whizbang
M4A1 Sherman Whizbang
M1 Anti-tank Gun Team
M4A1 Sherman Whizbang
Engineer Squad
P-47 Anti-Infantry Loiter
Construct Weapon Support Center
Selects Assault Operation
M:P小夜
judge789
カルト_くん
MIHua
0
0
Comments
sign in to comment!
No comments posted yet!